 Dungeon Crawl Stone Soup version 0.26-a0-1139-g7d2dc893a1 (webtiles) character file.

Game seed: 6086706464096794353

486314 HoaS the Hoplite (level 24, -7/160 HPs)
             Began as a Gargoyle Fighter on Dec 21, 2020.
             Was the Champion of Makhleb.
             Killed from afar by an ancient lich (37 damage)
             ... with an iron shot
             ... on level 5 of the Vaults.
             The game lasted 02:57:20 (49080 turns).

HoaS the Hoplite (Gargoyle Fighter)                Turns: 49080, Time: 02:57:21

Health: -7/160     AC: 64    Str: 30    XL:     24   Next: 96%
Magic:  23/23      EV: 26    Int: 14    God:    Makhleb [******]
Gold:   5412       SH: 33    Dex: 22    Spells: 23/23 levels left

rFire    . . .     SeeInvis .   g - +9 sacred scourge (holy)
rCold    . . .     Faith    .   V - +0 tower shield
rNeg     + . .     Spirit   .   r - +15 plate armour of Valiance {Str+4 Int+4 Dex+2}
rPois    ∞         Reflect  +   k - +2 helmet
rElec    +         Harm     .   K - +2 cloak {rCorr}
rCorr    +         Rampage  .   v - +0 pair of gloves
Will     ++...                  f - +2 pair of boots
Stlth    ..........             o - amulet of reflection
HPRegen  0.36/turn              M - ring of the Gloaming {rPois Will+ Dex+6}
MPRegen  0.18/turn              J - +4 ring of evasion

@: no status effects
A: big wings, negative energy resistance 1, electricity resistance, unbreathing,
petrification resistance, miasma immunity, AC +18
}: 2/15 runes: barnacled, gossamer
a: Fly, Renounce Religion, Minor Destruction, Lesser Servant of Makhleb, Major
Destruction, Greater Servant of Makhleb


You were on level 5 of the Vaults.
You worshipped Makhleb.
Makhleb was exalted by your worship.
You visited 8 branches of the dungeon, and saw 42 of its levels.
You visited 2 bazaars.
You also visited: Bailey.

You collected 7946 gold pieces.
You spent 2534 gold pieces at shops.

Inventory:

Hand Weapons
 g - a +9 sacred scourge of holy wrath (weapon)
Armour
 f - a +2 pair of boots (worn)
 k - a +2 helmet (worn)
 r - the +15 plate armour of Valiance (worn) {Str+4 Int+4 Dex+2}
   (You found it on level 4 of the Depths)

   It affects your strength (+4).
   It affects your intelligence (+4).
   It affects your dexterity (+2).
 v - a +0 pair of gloves (worn)
 K - a +2 cloak of preservation (worn)
 V - a +0 tower shield (worn)
Jewellery
 a - a +6 ring of dexterity
 i - an uncursed ring of protection from cold
 m - an uncursed ring of protection from cold
 o - an amulet of reflection (around neck)
 u - an uncursed ring of protection from fire
 D - an uncursed ring of willpower
 G - the cursed ring of Neoli {rC++ Int-4 Slay+3}
   (You bought it in a shop in a bazaar)

   [ring of intelligence]

   It affects your intelligence (-4).
   It affects your accuracy and damage with ranged weapons and melee attacks
   (+3).
   It greatly protects you from cold.
   It has a curse placed upon it.
 J - a +4 ring of evasion (right hand)
 L - an uncursed ring of positive energy
 M - the ring of the Gloaming (left hand) {rPois Will+ Dex+6}
   (You found it on level 11 of the Dungeon)

   [ring of dexterity]

   It affects your dexterity (+6).
   It protects you from poison.
   It affects your willpower, your defense against some magical effects.
 O - an uncursed ring of protection from fire
 Q - a +4 ring of slaying
 S - a +4 ring of protection
 U - a +6 ring of strength
Wands
 d - a wand of acid (14) (quivered)
 t - a wand of digging (1)
Scrolls
 b - 24 scrolls of identify
 l - 5 scrolls of enchant weapon
 q - a scroll of holy word
 s - 8 scrolls of teleportation
 w - 9 scrolls of magic mapping
 x - a scroll of silence
 y - 18 scrolls of remove curse
 E - 6 scrolls of blinking
 H - 3 scrolls of fog
 I - 7 scrolls of fear
Potions
 e - 8 potions of ambrosia
 h - 5 potions of mutation
 j - a potion of attraction
 n - 12 potions of curing
 p - 5 potions of resistance
 z - 10 potions of lignification
 A - 3 potions of heal wounds
 C - 2 potions of invisibility
 F - 3 potions of berserk rage
 N - 3 potions of might
 R - 4 potions of cancellation
 W - 3 potions of haste


   Skills:
 + Level 18.9 Fighting
 + Level 18.4 Maces & Flails
 + Level 18.1 Armour
 + Level 16.9 Dodging
 - Level 25.0 Shields


You had 23 spell levels left.
You didn't know any spells.
Your spell library contained the following spells:

 Spells                   Type           Power        Failure   Level
 Animate Skeleton         Necr           0%           78%         1
 Apportation              Tloc           0%           78%         1
 Beastly Appendage        Tmut           0%           78%         1
 Corona                   Hex            0%           78%         1
 Foxfire                  Conj/Fire      0%           78%         1
 Magic Dart               Conj           0%           78%         1
 Pain                     Necr           0%           78%         1
 Sting                    Tmut/Pois      0%           78%         1
 Blink                    Tloc           N/A          89%         2
 Call Imp                 Summ           0%           89%         2
 Ensorcelled Hibernation  Hex/Ice        0%           89%         2
 Slow                     Hex            0%           89%         2
 Confusing Touch          Hex            0%           98%         3
 Conjure Flame            Conj/Fire      0%           98%         3
 Dazzling Flash           Conj/Hex       0%           98%         3
 Inner Flame              Hex/Fire       0%           98%         3
 Lesser Beckoning         Tloc           0%           98%         3
 Mephitic Cloud           Conj/Pois/Air  0%           98%         3
 Tukima's Dance           Hex            0%           98%         3
 Vampiric Draining        Necr           0%           98%         3
 Animate Dead             Necr           0%           100%        4
 Leda's Liquefaction      Hex/Erth       0%           100%        4
 Passage of Golubria      Tloc           N/A          100%        4
 Sticky Flame             Conj/Fire      0%           100%        4
 Agony                    Necr           0%           100%        5
 Alistair's Intoxication  Tmut/Pois      0%           100%        5
 Blade Hands              Tmut           0%           100%        5
 Bolt of Magma            Conj/Fire/Erth 0%           100%        5
 Borgnjor's Vile Clutch   Necr/Erth      0%           100%        5
 Fireball                 Conj/Fire      0%           100%        5
 Irradiate                Conj/Tmut      0%           100%        5
 Iskenderun's Battlesphe  Conj           0%           100%        5
 Death Channel            Necr           0%           100%        6
 Eringya's Noxious Bog    Tmut/Pois      0%           100%        6
 Hydra Form               Tmut           0%           100%        6
 Invisibility             Hex            0%           100%        6
 Iron Shot                Conj/Erth      0%           100%        6
 Simulacrum               Ice/Necr       0%           100%        6
 Dragon Form              Tmut           0%           100%        7
 Haunt                    Necr/Summ      0%           100%        7
 Orb of Destruction       Conj           0%           100%        7
 Spellforged Servitor     Conj/Summ      0%           100%        7
 Borgnjor's Revivificati  Necr           0%           100%        8
 Disjunction              Tloc           0%           100%        8
 Infestation              Necr           0%           100%        8
 Necromutation            Tmut/Necr      0%           100%        8
 Death's Door             Necr           0%           100%        9
 Shatter                  Erth           0%           100%        9
 Statue Form              Tmut/Erth      Unusable     N/A         6

Dungeon Overview and Level Annotations

Branches:
Dungeon (15/15)            Temple (1/1) D:6            Lair (6/6) D:11
 Shoals (4/4) Lair:2       Spider (4/4) Lair:2        Slime (0/5) Lair:5
    Orc (2/2) D:11            Elf (0/3) Orc:2        Vaults (5/5) D:13
  Crypt (0/3) Vaults:3     Depths (5/5) D:15            Zot (0/5) Depths:5
 Bailey (visited)

Altars:
Ashenzari
Cheibriados
Dithmenos
Elyvilon
Fedhas
Gozag
Hepliaklqana
Kikubaaqudgha
Makhleb
Nemelex Xobeh
Okawaru
Qazlal
Ru
Sif Muna
Trog
Uskayaw
Vehumet
Wu Jian
Xom
Yredelemnul
Zin
The Shining One
Beogh
Jiyva

Shops:
D:7 }   D:9 (   D:11 [   D:15 *   Orc:2 [(*!}   Shoals:2 *   Shoals:4 (:*!(
Vaults:2 *   Depths:4 !=:(   Depths:5 *

Portals:
Hell: Depths:1 Depths:2 Depths:3 Depths:4 Depths:5
Abyss: Depths:1 Depths:4
Pandemonium: Depths:2 Depths:3 Depths:4 Depths:5
Ziggurat: Depths:2

Annotations:
Depths:1 3 runed translucent doors, HoaS's ghost, veteran GrFi
Depths:5 exclusion: 4 draconian stormcallers


Innate Abilities, Weirdness & Mutations

You are resistant to torment.
Your stone body is resilient. (AC +18)
You are immune to poison.
Your large and strong wings let you fly indefinitely.
You resist negative energy. (rN+)
You are resistant to electric shocks. (rElec)
You can survive without breathing.
You are immune to petrification.
You are immune to miasma.


Message History

You whack something! You block the Executioner's attack. x3
Something touches you but does no damage.
You block the blizzard demon's attack. x2
You closely miss something. You block the Executioner's attack. x5
The Executioner hits you but does no damage.
You block the Ice Fiend's attack.
The Ice Fiend claws you but does no damage.
You hit something but do no damage. You block the Executioner's attack. x2
The Executioner completely misses you. Something barely misses you.
The blizzard demon completely misses you.
You block the blizzard demon's attack.
You barely miss something. You block the Executioner's attack. x2
The Executioner barely misses you. You block the Executioner's attack. x2
The Executioner closely misses you. You block the Ice Fiend's attack.
The Ice Fiend misses you.
You hit something but do no damage. You block the Executioner's attack. x3
You hear some strange, mumbled words.
An iron shot appears from out of thin air!
The iron shot hits you!!!
You die...

##########
.........#
........#
##########....#
...........†..#
...........#..#
#######.)#..#..#
.....(11.#..#..#
......{@2#..#..#
####..#..#..#..#
.....#..#..#..#
..... #..#..#..#
####. #..#..#..#
#..#..#..# #..#
#..# #..# #..#
#..#


You could see an Ice Fiend (summoned), an Executioner (summoned, fast) and a
blizzard demon (summoned).

Vanquished Creatures
  Mennas (Vaults:2)
  An ancient lich (Depths:2)
  Mara (Depths:3)
  Boris (thrice) (Vaults:3 Depths:1 Depths:4)
  Saint Roka (Vaults:1)
  Bai Suzhen (Shoals:3)
  3 golden dragons
  Arachne (Spider:4)
  Nikola (Vaults:1)
  the Enchantress (Depths:4)
  Rupert (Lair:4)
  5 tentacled monstrosities
  Asterion (Spider:3)
  A titan (Depths:2)
  2 liches
  5 sphinxes
  Agnes (Lair:2)
  5 shadow dragons
  7 tengu reavers
  A storm dragon (Depths:4)
  An iron dragon (Vaults:5)
  Ilsuiw (Shoals:3)
  16 frost giants
  6 fire giants
  An orc warlord (Orc:2)
  5 ghost moths (Spider:4)
  16 vault wardens
  9 emperor scorpions
  The ghost of Vufedwos the Fighter, a journeyman MiFi of Okawaru (Shoals:3)
  A deep elf elementalist (Depths:4)
  A draconian annihilator (Depths:5)
  15 ironheart preservers
  4 spriggan defenders (Depths:4)
  A green draconian (Depths:5)
  2 vampire knights
  A stone giant (shapeshifter) (Vaults:4)
  9 very ugly things
  16 stone giants
  4 entropy weavers
  12 spark wasps
  2 black draconians
  A red draconian (Depths:4)
  14 ettins
  A crystal guardian (Vaults:2)
  6 merfolk javelineers
  2 blizzard demons
  A deep elf high priest (Vaults:4)
  10 fire dragons
  6 merfolk impalers
  2 jiangshi
  7 great orbs of eyes
  10 yaktaur captains
  30 vault guards
  Harold (D:9)
  The ghost of Udaerasu the Reanimator, a journeyman DsWn of Ashenzari (Lair:3)
  8 rakshasas
  2 hell beasts
  7 boulder beetles
  12 hydras
  3 spriggan air magi
  10 centaur warriors
  4 catoblepae
  13 ice dragons
  A monstrous demonspawn (Depths:5)
  5 alligator snapping turtles
  3 merfolk avatars (Shoals:4)
  4 merfolk aquamancers (Shoals:4)
  A dancing weapon (Vaults:4)
  10 ogre magi
  3 death knights
  5 death yaks (Lair:6)
  21 two-headed ogres
  10 deep troll earth magi
  12 deep troll shamans
  4 satyrs
  A vampire mage (Depths:1)
  2 titan zombies (Orc:1)
  8 tengu warriors
  3 spriggan berserkers (Depths:4)
  3 soul eaters
  Urug (D:10)
  2 sun demons
  8 hell knights
  6 deep elf knights
  18 skeletal warriors
  A fire crab (shapeshifter) (Depths:2)
  A shadow wraith (Vaults:4)
  7 iron trolls
  A storm dragon skeleton (Vaults:3)
  30 deep trolls
  18 sea snakes
  2 flayed ghosts
  3 unseen horrors
  4 wizards
  2 obsidian statues
  An infernal demonspawn (Depths:4)
  16 orc knights
  4 glowing orange brains
  Pikel (D:5)
  A wolf spider zombie (D:13)
  3 phantasmal warriors
  A lindwurm (Lair:6)
  A deep elf archer (D:15)
  A necromancer (Vaults:4)
  8 deep elf magi
  20 harpies
  22 ironbrand convokers
  8 orc sorcerers
  A lindwurm (shapeshifter) (Vaults:4)
  20 orb spiders
  2 tengu skeletons (Vaults:3)
  23 wolf spiders
  15 manticores
  A moth of wrath (Spider:3)
  20 cyclopes
  11 elephants
  25 fauns
  A frost giant skeleton (Vaults:3)
  3 fire giant skeletons (Vaults:3)
  A black mamba (shapeshifter) (Depths:5)
  Maurice (Orc:1)
  32 ugly things
  5 water nymphs
  2 black mambas
  3 rust devils
  A torpor snail (Lair:2)
  10 merfolk sirens
  3 centaur skeletons
  14 vault sentinels
  A water nymph (shapeshifter) (Depths:1)
  A guardian serpent (shapeshifter) (D:15)
  2 orc skeletons (Vaults:3)
  A smoke demon (Depths:4)
  Joseph (Lair:1)
  Maggie (Lair:2)
  A gargoyle (D:12)
  9 cane toads
  2 molten gargoyles (Depths:2)
  A rime drake (shapeshifter) (Depths:1)
  A kobold demonologist (D:13)
  An orange demon (Depths:1)
  6 freezing wraiths
  39 yaktaurs
  2 yaktaur skeletons (Vaults:3)
  11 komodo dragons
  16 demonic crawlers
  A hellwing (Depths:5)
  2 human skeletons (Vaults:3)
  2 polar bears (shapeshifter)
  An ice devil (Depths:1)
  3 red devils
  9 trolls
  A meliai (shapeshifter) (Depths:1)
  4 tengu conjurers
  5 wind drakes
  10 hornets
  2 queen bees (shapeshifter)
  A troll (shapeshifter) (D:13)
  32 merfolk
  34 jumping spiders
  3 polar bears
  12 dream sheep
  A blink frog (shapeshifter) (Depths:3)
  24 slime creatures
  7 blink frogs (Lair:4)
  12 snapping turtles
  2 raiju (shapeshifter) (Depths:1)
  37 tarantellas
  A human simulacrum (Vaults:3)
  3 spriggans
  7 water elementals
  6 wraiths
  79 redbacks
  39 yaks
  A yak (shapeshifter) (Depths:3)
  3 wyverns
  Sigmund (D:6)
  A fire bat (shapeshifter) (Vaults:2)
  A neqoxec (Depths:2)
  2 basilisks
  Grum (D:9)
  2 humans (shapeshifter) (Vaults:2)
  4 vampire mosquitoes (D:12)
  2 chaos spawn
  21 wargs
  17 water moccasins
  3 acid dragons
  A floating eye (Depths:3)
  Duvessa (D:6)
  64 orc warriors
  5 phantoms
  A swamp drake (shapeshifter) (Vaults:5)
  3 sky beasts
  2 eyes of draining
  5 black bears
  A necrophage (D:12)
  An ogre (shapeshifter) (Depths:5)
  23 wolves
  38 ogres
  8 boggarts
  28 centaurs
  A lemure (D:5)
  19 bullfrogs
  6 big kobolds
  2 cyclops zombies (Orc:1)
  Dowan (D:6)
  3 scorpions
  A wyvern skeleton (D:8)
  A hornet simulacrum (D:14)
  An orc simulacrum (Vaults:1)
  7 wights
  9 electric eels
  7 howler monkeys
  14 crimson imps
  5 hounds
  A quasit (D:11)
  4 centaur zombies
  3 iron imps
  A yaktaur simulacrum (Vaults:1)
  6 jellies
  5 iguanas
  15 orc priests
  30 orc wizards
  Natasha (D:3)
  5 worker ants
  A hound skeleton (D:6)
  Robin (D:3)
  2 gnolls (Bailey)
  17 adders
  A howler monkey skeleton (D:10)
  2 shadow imps
  12 white imps
  10 ufetubi
  An ooze (D:6)
  An adder zombie (D:9)
  3 adder skeletons
  A worm (D:6)
  5 dart slugs
  7 leopard geckos
  109 orcs
  5 bats
  6 giant cockroaches
  9 hobgoblins
  7 jackals
  6 quokkas
  A ball python (D:4)
  8 frilled lizards
  10 goblins
  A jackal skeleton (D:6)
  36 kobolds
  A leopard gecko skeleton (D:5)
  A leopard gecko zombie (D:7)
  A quokka zombie (D:6)
  4 rats
1892 creatures vanquished.

Vanquished Creatures (others)
  2 spark wasps (Depths:4)
  A merfolk aquamancer (Shoals:4)
  An ogre mage (Depths:3)
  A harpy (Vaults:3)
  A yaktaur (Depths:1)
  A sky beast (D:5)
  An ogre (Depths:3)
  2 centaurs
  A crimson imp (Depths:1)
  A quasit (Depths:5)
  29 fungi
  125 plants
166 creatures vanquished.

Grand Total: 2058 creatures vanquished

Notes
Turn   | Place    | Note
-------+----------+-------------------------------------------
     0 | D:1      | HoaS the Gargoyle Fighter began the quest for the Orb.
     0 | D:1      | Reached XP level 1. HP: 14/14 MP: 1/1
    70 | D:1      | Reached XP level 2. HP: 19/19 MP: 2/2
   497 | D:1      | Reached XP level 3. HP: 23/23 MP: 3/3
   853 | D:2      | Found a bloodstained altar of Trog.
   853 | D:2      | Found a shimmering altar of Xom.
  1345 | D:2      | Reached skill level 4 in Shields
  1473 | D:3      | Noticed Robin
  1477 | D:3      | Reached XP level 4. HP: 28/28 MP: 4/4
  1501 | D:3      | Killed Robin
  1715 | D:3      | Noticed Natasha
  1747 | D:3      | Killed Natasha
  1748 | D:3      | Reached XP level 5. HP: 14/32 MP: 5/5
  2005 | D:3      | Noticed a big kobold
  2014 | D:3      | Killed a big kobold
  2160 | D:3      | Reached skill level 5 in Maces & Flails
  2160 | D:3      | Reached XP level 6. HP: 34/37 MP: 6/6
  2303 | D:4      | Reached skill level 5 in Shields
  3499 | D:5      | Entered Level 5 of the Dungeon
  3499 | D:5      | Found a blossoming altar of Fedhas.
  3499 | D:5      | Found a broken altar of Ashenzari.
  3499 | D:5      | Found a glowing silver altar of Zin.
  3504 | D:5      | Found an iron altar of Okawaru.
  3525 | D:5      | Reached XP level 7. HP: 23/41 MP: 7/7
  3696 | D:5      | Reached skill level 6 in Shields
  3956 | D:5      | Reached XP level 8. HP: 25/46 MP: 8/8
  4685 | D:6      | Noticed Pikel
  4717 | D:5      | Killed Pikel
  4718 | D:5      | Reached skill level 7 in Shields
  4885 | D:6      | Reached XP level 9. HP: 46/51 MP: 9/9
  4939 | D:6      | Noticed Sigmund
  4957 | D:6      | Killed Sigmund
  4958 | D:6      | Reached skill level 8 in Shields
  5144 | D:6      | Found a shadowy altar of Dithmenos.
  5171 | D:6      | Found a staircase to the Ecumenical Temple.
  5190 | Temple   | Entered the Ecumenical Temple
  5351 | Temple   | Became a worshipper of Makhleb the Destroyer
  5429 | D:6      | Reached skill level 10 in Maces & Flails
  5519 | D:6      | Noticed Duvessa
  5519 | D:6      | Noticed Dowan
  5529 | D:6      | Killed Duvessa
  5541 | D:6      | Killed Dowan
  6342 | D:6      | Reached * piety under Makhleb
  6343 | D:6      | Reached skill level 9 in Shields
  6467 | D:7      | Found Xisiamuk's Gadget Boutique.
  6815 | D:7      | Noticed a troll
  6827 | D:7      | Killed a troll
  6852 | D:7      | Reached XP level 10. HP: 50/56 MP: 10/10
  7009 | D:8      | Identified a scroll of acquirement
  7009 | D:8      | Acquired 914 gold pieces
  7242 | D:8      | Reached ** piety under Makhleb
  7619 | D:9      | Noticed Harold
  7638 | D:9      | Killed Harold
  7639 | D:9      | Reached skill level 10 in Shields
  8097 | D:9      | Noticed Grum
  8122 | D:9      | Killed Grum
  8312 | D:9      | Found Ifeter's Antique Weapon Shop.
  8515 | D:10     | Entered Level 10 of the Dungeon
  8731 | D:10     | Reached XP level 11. HP: 45/60 MP: 11/11
  8868 | D:10     | Noticed Urug
  8906 | D:10     | Killed Urug
  8907 | D:10     | Reached skill level 15 in Maces & Flails
  8907 | D:10     | Reached skill level 11 in Shields
  8941 | D:10     | Reached *** piety under Makhleb
  9086 | D:10     | Killed an unseen horror
  9477 | D:11     | Noticed a centaur warrior
  9529 | D:11     | Killed a centaur warrior
  9561 | D:11     | Found a staircase to the Lair.
  9635 | D:11     | Found a staircase to the Orcish Mines.
  9651 | D:11     | Reached skill level 12 in Shields
  9943 | D:11     | Noticed an eight-headed hydra
  9943 | D:11     | Noticed a brown ugly thing
  9953 | D:11     | Killed an eight-headed hydra
  9959 | D:11     | Killed a brown ugly thing
  9961 | D:11     | Noticed a boulder beetle
 10048 | D:11     | Killed a boulder beetle
 10048 | D:11     | Reached **** piety under Makhleb
 10049 | D:11     | Reached skill level 13 in Shields
 10064 | D:11     | Noticed a deep troll earth mage
 10070 | D:11     | Noticed a phantasmal warrior
 10074 | D:11     | Killed a deep troll earth mage
 10075 | D:11     | Reached XP level 12. HP: 64/64 MP: 12/12
 10098 | D:11     | Noticed an ettin
 10313 | Lair:1   | Entered Level 1 of the Lair of Beasts
 10318 | Lair:1   | Noticed an eight-headed hydra
 10335 | Lair:1   | Killed an eight-headed hydra
 10336 | Lair:1   | Reached skill level 14 in Shields
 10354 | Lair:1   | Noticed a six-headed hydra
 10362 | Lair:1   | Killed a six-headed hydra
 10401 | Lair:1   | Noticed Joseph
 10417 | Lair:1   | Killed Joseph
 10432 | Lair:1   | Noticed a five-headed hydra
 10454 | Lair:1   | Killed a five-headed hydra
 10508 | Lair:1   | Noticed a seven-headed hydra
 10517 | Lair:1   | Killed a seven-headed hydra
 10541 | Lair:1   | Reached skill level 15 in Shields
 10609 | Lair:1   | Reached skill level 1 in Dodging
 11211 | Lair:2   | Reached skill level 5 in Fighting
 11272 | Lair:2   | Found a staircase to the Shoals.
 11311 | Lair:2   | Found a hole to the Spider Nest.
 11461 | Lair:2   | Noticed Maggie
 11474 | Lair:2   | Reached ***** piety under Makhleb
 11475 | Lair:2   | Reached skill level 5 in Armour
 11487 | Lair:2   | Killed Maggie
 11499 | Lair:2   | Reached XP level 13. HP: 56/76 MP: 13/13
 12372 | Lair:3   | Found a runed translucent door.
 12372 | Lair:3   | Noticed Udaerasu's ghost (journeyman DsWn)
 12879 | Lair:3   | Killed Udaerasu's ghost
 13774 | Lair:5   | Noticed Rupert
 13789 | Lair:4   | Killed Rupert
 13790 | Lair:4   | Reached skill level 10 in Fighting
 13790 | Lair:4   | Reached skill level 5 in Dodging
 14028 | Lair:5   | Gained mutation: Your large and strong wings let you fly
                  | indefinitely. [Gargoyle growth]
 14028 | Lair:5   | Reached XP level 14. HP: 88/88 MP: 14/14
 14060 | Lair:5   | Found a viscous altar of Jiyva.
 14060 | Lair:5   | Found a staircase to the Slime Pits.
 14492 | Lair:6   | Entered Level 6 of the Lair of Beasts
 14732 | Lair:6   | Reached ****** piety under Makhleb
 15145 | Lair:6   | Identified Lom Lobon's Tome of the Traveller
 15925 | D:11     | Found Gerhugy's Antique Armour Emporium.
 16344 | D:11     | Got a clouded granite ring
 16345 | D:11     | Identified the ring of the Gloaming {rPois Will+ Dex+6}
                  | (You found it on level 11 of the Dungeon)
 16352 | D:11     | Identified the Incunabulum of Shifting Envenoming
 16751 | D:12     | Found a flagged portal.
 16764 | Bailey   | Entered a bailey
 16917 | Bailey   | Got a scorched steel amulet
 16918 | Bailey   | Identified the amulet "Pyuraul" {Faith Int+7} (You found it
                  | in a bailey)
 16931 | Bailey   | Found an iron altar of Okawaru.
 17063 | D:12     | Found a hide-covered altar of Uskayaw.
 17467 | D:12     | Reached skill level 10 in Armour
 17481 | D:12     | Reached XP level 15. HP: 99/99 MP: 15/15
 17644 | D:12     | Found a blossoming altar of Fedhas.
 17711 | Orc:1    | Entered Level 1 of the Orcish Mines
 17812 | Orc:1    | Found a radiant altar of Vehumet.
 18010 | Orc:1    | Noticed a frost giant
 18028 | Orc:1    | Killed a frost giant
 18452 | Orc:1    | Noticed Maurice
 18472 | Orc:1    | Killed Maurice
 18831 | Orc:2    | Entered Level 2 of the Orcish Mines
 18835 | Orc:2    | Found Ugeeqy's Gadget Shop.
 18907 | Orc:2    | Found a staircase to the Elven Halls.
 18923 | Orc:2    | Found a roughly hewn altar of Beogh.
 19537 | Orc:2    | Found Temn's General Store.
 19537 | Orc:2    | Found Fuenlucy's Distillery.
 19542 | Orc:2    | Bought a scroll of enchant weapon for 120 gold pieces
 19578 | Orc:2    | Found a roughly hewn altar of Beogh.
 19587 | Orc:2    | Noticed an orc warlord
 19587 | Orc:2    | Found Pigaz's Armour Shop.
 19587 | Orc:2    | Found Teklan's Weapon Shoppe.
 19620 | Orc:2    | Killed an orc warlord
 19736 | Orc:2    | Reached skill level 15 in Fighting
 20492 | D:13     | Reached XP level 16. HP: 106/108 MP: 11/16
 20541 | D:13     | Found a gate to the Vaults.
 21011 | D:13     | Got a warped ring mail
 21012 | D:13     | Identified the +5 ring mail of Lethargy {rN+++ Str-2} (You
                  | found it on level 13 of the Dungeon)
 21287 | D:14     | You are sucked into a shaft and drop 1 floor!
 21287 | D:15     | Entered Level 15 of the Dungeon
 21343 | D:15     | Found Ixtaineq's Assorted Antiques.
 21359 | D:15     | Bought a scroll of teleportation for 105 gold pieces
 22707 | D:15     | Found a staircase to the Depths.
 22767 | D:15     | Found a white marble altar of Elyvilon.
 23236 | Spider:1 | Entered Level 1 of the Spider Nest
 23414 | Spider:1 | Noticed Agnes
 23442 | Lair:2   | Killed Agnes
 23557 | Spider:1 | Reached skill level 10 in Dodging
 23563 | Spider:1 | You are sucked into a shaft and drop 1 floor!
 24073 | Spider:1 | Reached XP level 17. HP: 115/115 MP: 17/17
 24502 | Spider:2 | Identified Sif Muna's Tome of Fiery Moulding
 25712 | Spider:4 | Entered Level 4 of the Spider Nest
 26122 | Spider:4 | Noticed Arachne
 26181 | Spider:4 | Reached skill level 15 in Armour
 26249 | Spider:4 | Noticed Asterion
 26393 | Spider:3 | Noticed an Executioner
 26406 | Spider:3 | Killed Asterion
 26657 | Spider:4 | Killed Arachne
 27399 | Spider:4 | Reached XP level 18. HP: 120/120 MP: 1/18
 27439 | Spider:4 | Got a gossamer rune of Zot
 27662 | Shoals:1 | Entered Level 1 of the Shoals
 28804 | Shoals:2 | Found Hius's General Store.
 28838 | Shoals:2 | Bought a potion of might for 64 gold pieces
 29639 | Shoals:3 | Noticed Ilsuiw
 29734 | Shoals:3 | Killed Ilsuiw
 29735 | Shoals:3 | Reached skill level 15 in Dodging
 29859 | Shoals:3 | Noticed Bai Suzhen
 29883 | Shoals:3 | Killed Bai Suzhen
 30064 | Shoals:3 | Found a large runed translucent door.
 30064 | Shoals:3 | Found a large runed translucent door.
 30065 | Shoals:3 | Noticed Vufedwos's ghost (journeyman MiFi)
 30626 | Shoals:3 | Killed Vufedwos's ghost
 30640 | Shoals:3 | Acquired 1231 gold pieces
 30654 | Shoals:4 | Entered Level 4 of the Shoals
 30687 | Shoals:4 | Found Kazexzua's Weapon Shop.
 30701 | Shoals:4 | Found Dan Gotz's Distillery.
 30716 | Shoals:4 | Bought 2 potions of heal wounds for 200 gold pieces
 30716 | Shoals:4 | Bought a potion of curing for 60 gold pieces
 30716 | Shoals:4 | Bought a potion of haste for 200 gold pieces
 30924 | Shoals:4 | Reached XP level 19. HP: 125/125 MP: 19/19
 30996 | Shoals:4 | Found Sucheom's Book Emporium.
 31099 | Shoals:4 | Found Mise's Assorted Antiques.
 31109 | Shoals:4 | Bought a potion of curing for 96 gold pieces
 31109 | Shoals:4 | Bought a glowing glass ring for 160 gold pieces
 31276 | Shoals:4 | Found Ysaes's Weapon Boutique.
 31535 | Shoals:4 | Got a barnacled rune of Zot
 31885 | Shoals:4 | Got a faintly humming cloak
 31886 | Shoals:4 | Identified the cursed -4 cloak of Xuhoemn {Int+7 SInv} (You
                  | found it on level 4 of the Shoals)
 32127 | Vaults:1 | Entered Level 1 of the Vaults
 32710 | Vaults:1 | You are sucked into a shaft and drop 1 floor!
 33108 | Vaults:1 | Noticed Saint Roka
 33496 | Vaults:1 | Noticed Nikola
 33518 | Vaults:1 | Killed Nikola
 33841 | Vaults:1 | Reached skill level 16 in Shields
 33888 | Vaults:1 | Killed Saint Roka
 34122 | Vaults:2 | Reached XP level 20. HP: 105/134 MP: 20/20
 34715 | Vaults:2 | Identified the cursed +0 tower shield "Ocsul" {rPois rF-
                  | Dex+2 SInv}
 34715 | Vaults:2 | Noticed Mennas
 34762 | Vaults:2 | Killed Mennas
 34865 | Vaults:2 | Found Amnuirch's Assorted Antiques.
 34873 | Vaults:2 | Bought a twisted marble ring for 195 gold pieces
 34873 | Vaults:2 | Bought a potion of might for 156 gold pieces
 36614 | Vaults:3 | Reached skill level 17 in Shields
 36702 | Vaults:3 | Found a staircase to the Crypt.
 37053 | Vaults:3 | Noticed Boris
 37065 | Vaults:3 | Killed Boris
 37066 | Vaults:3 | Reached XP level 21. HP: 118/140 MP: 21/21
 37335 | Vaults:3 | Reached skill level 18 in Shields
 37613 | Vaults:4 | Reached skill level 19 in Shields
 37830 | Vaults:4 | Found a flickering gateway to a bazaar.
 37839 | Bazaar   | Entered a bazaar
 37845 | Bazaar   | Found Rusireodi's Book Emporium.
 37845 | Bazaar   | Found Goyhoreb's Jewellery Shoppe.
 37976 | Vaults:4 | Reached skill level 20 in Shields
 38506 | Vaults:4 | Found the +8 orange crystal plate armour {Archmagi, Int+3
                  | Clar}
 39021 | Depths:1 | Entered Level 1 of the Depths
 39247 | Depths:1 | Found a gateway to Hell.
 39341 | Depths:1 | Reached XP level 22. HP: 145/145 MP: 22/22
 39520 | Depths:1 | Reached skill level 21 in Shields
 39586 | Depths:1 | Noticed Boris
 39710 | Depths:1 | Killed Boris
 40039 | Depths:1 | Reached skill level 22 in Shields
 40388 | Depths:1 | Found a one-way gate to the infinite horrors of the Abyss.
 40580 | Depths:1 | Found a runed translucent gate.
 40580 | Depths:1 | Found a runed translucent gate.
 40581 | Depths:1 | Found a runed translucent gate.
 40584 | Depths:1 | Noticed HoaS's ghost (veteran GrFi)
 40588 | Depths:1 | Found a viscous altar of Jiyva.
 40739 | Depths:2 | Found a gateway to a ziggurat.
 40739 | Depths:2 | Noticed an ancient lich
 41454 | Depths:2 | Killed an ancient lich
 41581 | Depths:2 | Found a one-way gate leading to the halls of Pandemonium.
 41948 | Depths:1 | Reached skill level 23 in Shields
 42229 | Depths:2 | You fall into a shaft and drop 1 floor!
 43054 | Depths:3 | Reached XP level 23. HP: 150/150 MP: 23/23
 43089 | Depths:3 | HP: 6/150 [deep troll earth mage/Lee's Rapid Deconstruction
                  | (21)]
 43748 | Depths:3 | Reached skill level 24 in Shields
 43986 | Depths:3 | Paralysed by a floating eye for 2 turns
 43994 | Depths:3 | Paralysed by a floating eye for 3 turns
 44111 | Depths:3 | Noticed Mara
 44114 | Depths:3 | Noticed HoaS's illusion
 44148 | Depths:3 | Killed Mara
 44678 | Depths:4 | Noticed a golden dragon
 44749 | Depths:3 | Killed a golden dragon
 44765 | Depths:4 | Found Larritt's Book Emporium.
 44777 | Depths:4 | Found Fybab's Jewellery Emporium.
 44961 | Depths:3 | Reached skill level 25 in Shields
 45110 | Depths:4 | Found Toloefo's Antique Weapon Shoppe.
 45119 | Depths:4 | Found a flickering gateway to a bazaar.
 45128 | Bazaar   | Entered a bazaar
 45140 | Bazaar   | Found Beduy's Magic Scroll Shop.
 45148 | Bazaar   | Bought a scroll of enchant armour for 97 gold pieces
 45160 | Bazaar   | Found Anes's Book Shoppe.
 45200 | Bazaar   | Found Ituebb's Jewellery Shop.
 45208 | Bazaar   | Bought the cursed ring of Neoli {rC++ Int-4 Slay+3} for 235
                  | gold pieces
 45220 | Bazaar   | Found Qenuk's Jewellery Emporium.
 45229 | Bazaar   | Found Muzuaf's Jewellery Shop.
 45324 | Depths:4 | Noticed Boris
 45340 | Depths:4 | Killed Boris
 45378 | Depths:4 | Noticed a golden dragon
 45379 | Depths:4 | Found a transporter.
 45583 | Depths:4 | Found a transporter.
 45931 | Depths:4 | Found Mutyhok's Distillery.
 45939 | Depths:4 | Bought a potion of haste for 180 gold pieces
 45939 | Depths:4 | Bought a potion of might for 72 gold pieces
 45939 | Depths:4 | Bought a potion of curing for 54 gold pieces
 45939 | Depths:4 | Bought a potion of heal wounds for 90 gold pieces
 45939 | Depths:4 | Bought a potion of haste for 180 gold pieces
 45939 | Depths:4 | Bought a potion of haste for 180 gold pieces
 45939 | Depths:4 | Bought a potion of heal wounds for 90 gold pieces
 46418 | Depths:4 | Killed a golden dragon
 46513 | Depths:4 | Got a smoking plate armour
 46514 | Depths:4 | Identified the +15 plate armour of Valiance {Str+4 Int+4
                  | Dex+2} (You found it on level 4 of the Depths)
 46560 | Depths:5 | Entered Level 5 of the Depths
 46596 | Depths:5 | Reached XP level 24. HP: 157/157 MP: 23/23
 46787 | Depths:5 | Noticed the Enchantress
 46876 | Depths:4 | Killed the Enchantress
 47032 | Depths:5 | Found a gate to the Realm of Zot.
 47135 | Depths:5 | Identified the ring "Pejy" {Will++ Str+2 Slay-5 SInv
                  | Stlth+}
 47535 | Depths:5 | Found Eraimanurhu's Assorted Antiques.
 48479 | Vaults:5 | Entered Level 5 of the Vaults
 48761 | Vaults:5 | Noticed an ancient lich
 49080 | Vaults:5 | Killed from afar by an ancient lich

Illustrated notes

Levels and vault maps discovered:
D:1:      nzn_arrival_settlement, layout_basic, minivault_27
D:2:      layout_basic, gammafunk_temple_overflow_wave
D:3:      minmay_wonky_spiral, layout_rooms, uniq_natasha, uniq_robin
D:4:      layout_layer_cave, minmay_fractal_squares_gapless_5
D:5:      layout_basic, grunt_temple_overflow_open, chequers_mini_garden,
          st_stairs_13, chequers_serial_rivers_small_b
D:6:      layout_cave_pods, minmay_temple_entry_waves, grunt_dithmenos_smoke,
          uniq_pikel, uniq_duvessa, uniq_sigmund
D:7:      layout_cave_pools, serial_shops, nicolae_shop_window_shopping,
          minmay_manual_mullet
D:8:      layout_gridville
D:9:      layout_irregular_city, serial_shops, nicolae_shop_crystal,
          uniq_harold, uniq_grum
D:10:     layout_long_grid, uniq_urug
D:11:     minmay_sliced_demisemicircle, layout_loops_corners,
          erik_lair_orcish_takeover, minmay_orc_entry_guard_dogs, serial_shops,
          shop
D:12:     layout_gridville, basic_altar, enter_bailey_4, fedhas_altar_4
D:13:     layout_basic, david_vaults_5, serial_bayou_crossing
D:14:     layout_grid_maze, minmay_misc_feat_doors
D:15:     hangedman_depths_entry_civil_slaughter, layout_gridville,
          elyvilon_altar_3, serial_shops, shop
Temple:   eino_temple_rhombus
Lair:1:   layout_misc_corridors, infiniplex_staircase_pool_2,
          grunt_megastairs_4, uniq_joseph
Lair:2:   layout_cave_shapes, minmay_shoals_entry_hut,
          nicolae_spider_entry_tight_spaces, serial_bayou_pond_b,
          nzn_random_ring, serial_bayou_shore_b, serial_bayou_shore_a,
          infiniplex_staircase_pool, uniq_maggie
Lair:3:   layout_roguey, gammafunk_ghost_grave, serial_rivers,
          chequers_serial_rivers_room_a, chequers_serial_rivers_micro_b,
          chequers_serial_rivers_micro_b, chequers_serial_rivers_marsh
Lair:4:   layout_cave_shapes, wad_woods_road_05
Lair:5:   layout_loops_ring, dpeg_slime_entry_enclosed_altar, uniq_rupert
Lair:6:   grunt_lair_end_beastmaster, layout_regular_city, fungi_pond_lemuel,
          serial_bayou_pond_e, grunt_megastairs_3
Shoals:1: cheibrodos_shoals_satyrical_garden, layout_shoals
Shoals:2: layout_shoals, serial_shops, nicolae_shop_crystal
Shoals:3: layout_shoals, ebering_ghost_disaster_area, uniq_ilsuiw,
          uniq_bai_suzhen
Shoals:4: shoals_end_simple, layout_shoals, serial_shops, shop, shop, shop,
          shop, nicolae_shop_trees, yaktaur_hedge
Spider:1: layout_spider_delve, drop_trap, uniq_agnes
Spider:2: layout_spider_delve
Spider:3: layout_spider_delve, nicolae_spider_cling_halls,
          nicolae_spider_cling_ruins
Spider:4: grunt_spider_rune_circles, drop_trap, uniq_arachne, uniq_asterion
Orc:1:    giant_chief_lemuel, layout_caves, basic_altar, nicolae_orc_rich_vein,
          uniq_maurice
Orc:2:    st_orc_town, layout_diamond_mine, basic_altar, serial_shops, shop
Vaults:1: nicolae_vaults_minivaults, v_alt_pattern_2,
          ontoclasm_vaults_misaligned, nicolae_vaults_windows_and_doors_thing,
          vaults_room_large_hall, ontoclasm_vaults_claustrophobia,
          vaults_dpeg_cross, v_misc_25, v_misc_19, vaults_room_door_ring,
          serial_ice_h, ontoclasm_vaults_twist, layout_vaults_ring, uniq_nikola,
          uniq_saint_roka
Vaults:2: v_misc_14, v_rooms_2, nicolae_vaults_display_case, vaults_room_fours,
          ontoclasm_vaults_loading_screen, layout_vaults_omnigrid, serial_shops,
          shop_statue, uniq_mennas, uniq_margery
Vaults:3: ontoclasm_vaults_misaligned, grunt_vaults_hallway_long,
          grunt_vaults_funneled_arena, vaults_standard_mumra_x, v_alt_pattern_4,
          ontoclasm_vaults_decontamination, nicolae_vaults_network_star,
          hangedman_vaults_capsules, minmay_crypt_entry_skeletal_spiral,
          layout_vaults_maze_snakey, uniq_boris
Vaults:4: grunt_vaults_hallway_short, vaults_mumra_minichess_inversion,
          v_alt_pattern_2, hangedman_vaults_trim, grunt_vaults_diagonal,
          hangedman_vaults_trim, nicolae_vaults_border_crossing,
          nicolae_vaults_network_quinsquares
          [nicolae_vaults_network_quincunx_subvault,
          nicolae_vaults_network_quincunx_subvault,
          nicolae_vaults_network_quincunx_subvault,
          nicolae_vaults_network_quincunx_subvault], v_alt_pattern_4,
          ontoclasm_vaults_pinch, ontoclasm_vaults_idyll, v_misc_17,
          vaults_room_semicircle, layout_vaults_omnibox, serial_shops,
          bzr_entry_dummy
Vaults:5: serial_shops
Depths:1: layout_gridlike, grunt_hell_entry_demonic_statue, abyss_entry,
          gammafunk_ghost_ooze, minmay_the_grid_square_5x5_3x3_mashed
          [minmay_the_grid_square_5x5_dogpile,
          minmay_the_grid_square_5x5_three_walls,
          minmay_the_grid_square_5x5_hourglass,
          minmay_the_grid_square_5x5_inner_i,
          minmay_the_grid_square_5x5_megaprize_crossed,
          minmay_the_grid_square_5x5_gyroscope,
          minmay_the_grid_square_5x5_shuriken, minmay_the_grid_square_5x5_v,
          minmay_the_grid_square_5x5_spiral_small], firewood_loft
Depths:2: kennysheep_blocky_room, layout_gridlike, enter_ziggurat_d,
          serial_curves, eino_curves_04, eino_curves_02, hangedman_coc_ice_floe,
          rand_demon_pan_entry_8, infiniplex_staircase_diamond
Depths:3: kennysheep_ambush_hall, layout_gridville, hangedman_tar_grid_catacomb,
          rand_demon_pan_entry_7, minmay_misc_feat_enclosed, serial_bayou,
          serial_bayou_lagoon_a, serial_bayou_pond_a, serial_bayou_ford_a,
          infiniplex_staircase_star, uniq_mara
Depths:4: gammafunk_sealed_arena, layout_cave_shapes, serial_shops,
          freezing_bzr, shop, shop, shop, shop, rand_demon_pan_entry_9,
          roderic_roman_lattice, abyss_entry, pf_vacation_house_of_asmodeus,
          eino_small_chamber_without_monster, infiniplex_staircase_split_hallway
Depths:5: evilmike_zot_entry_argh, layout_cave_pools, grunt_pan_entry_sceptre,
          serial_shops, shop_fountains, grunt_hell_entry_dis_old,
          minmay_parallelograms, uniq_enchantress

Skill      XL: |  1  2  3  4  5  6  7  8  9 10 11 12 13 14 15 16 17 18 19 20 21 22 23 24 |
---------------+-------------------------------------------------------------------------+-----
Maces & Flails | 3 4 5 6 7 9 11 14 16 17 18 | 18.4
Shields        | 4 5 6 7 9 10 13 15 16 17 20 23 25 | 25.0
Fighting       | 6 10 13 15 16 17 18 | 18.9
Dodging        | 2 5 7 8 10 13 15 16 | 16.9
Armour         | 5 7 10 11 13 15 16 17 18 | 18.1

Action                   |  1- 3 |  4- 6 |  7- 9 | 10-12 | 13-15 | 16-18 | 19-21 | 22-24 || total
-------------------------+-------+-------+-------+-------+-------+-------+-------+-------++-------
Melee: Flail             |   100 |   224 |   434 |   415 |       |       |       |       ||  1173
       Morningstar       |       |       |       |   550 |  1850 |  2124 |   871 |       ||  5395
       Sacred scourge    |       |       |       |       |       |       |  1343 |  2903 ||  4246
 Abil: Fly               |       |       |       |       |     1 |       |       |     1 ||     2
       Stop Flying       |       |       |       |       |       |       |       |     2 ||     2
Evoke: Wand              |       |       |     1 |    18 |     7 |     8 |     1 |     2 ||    37
  Use: Scroll            |     3 |    10 |     5 |    10 |    16 |    11 |    13 |     7 ||    75
       Potion            |       |       |       |     1 |     4 |     9 |     8 |     2 ||    24
 Stab: Petrified         |       |       |       |       |    32 |       |       |       ||    32
       Petrifying        |       |       |       |       |     1 |       |       |       ||     1
Armor: Scale mail        |    58 |   114 |   204 |    91 |       |       |       |       ||   467
       Chain mail        |       |    32 |    56 |       |       |       |       |       ||    88
       Plate armour      |       |       |       |   474 |     1 |       |       |   273 ||   748
       Acid dragon scale |       |       |       |       |   373 |   824 |   326 |       ||  1523
       Crystal plate arm |       |       |       |       |       |       |    13 |   646 ||   659
Dodge: Dodged            |    33 |    64 |   145 |   171 |   682 |  1662 |   817 |  1018 ||  4592
Block: Kite shield       |    61 |   130 |   298 |   499 |  1496 |  2558 |  1082 |       ||  6124
       Reflection        |       |       |       |       |    86 |   112 |   144 |    82 ||   424
       Tower shield      |       |       |       |       |       |       |   664 |  3325 ||  3989

Table legend: (Time is in decaauts)
 A = Elapsed time spent in this place.
 B = Non-inter-level travel time spent in this place.
 C = Inter-level travel time spent in this place.
 D = Time resting spent in this place.
 E = Time spent auto-exploring this place.
 F = Levels seen in this place.
 G = Mean time per level.
                   A        B        C        D        E       F      G
               +--------+--------+--------+--------+--------+-----+--------+
         Total |  45487 |  42153 |   3334 |   4965 |  24160 |  45 | 1010.8 |
       Dungeon |  14947 |  13701 |   1246 |   1538 |   8824 |  15 |  996.5 |
        Temple |    178 |    130 |     48 |      0 |    123 |   1 |  178.0 |
          Lair |   5935 |   5286 |    649 |    131 |   3598 |   6 |  989.2 |
        Shoals |   3982 |   3748 |    234 |    116 |   2334 |   4 |  995.5 |
   Spider Nest |   3773 |   3609 |    164 |    811 |   1471 |   4 |  943.2 |
  Orcish Mines |   2180 |   2099 |     81 |    124 |   1256 |   2 | 1090.0 |
        Vaults |   6280 |   5832 |    448 |    705 |   2938 |   5 | 1256.0 |
        Depths |   7816 |   7355 |    461 |   1539 |   3408 |   5 | 1563.2 |
        Bazaar |    154 |    154 |      0 |      0 |    142 |   2 |   77.0 |
        Bailey |    238 |    238 |      0 |      0 |     64 |   1 |  238.0 |
               +--------+--------+--------+--------+--------+-----+--------+

Top non-repeatable levels by time:
Depths:1: 2466 daAuts
Vaults:2: 1782 daAuts
    D:11: 1662 daAuts
Depths:2: 1634 daAuts
  Lair:2: 1574 daAuts
Spider:3: 1497 daAuts
Vaults:1: 1497 daAuts
Vaults:4: 1431 daAuts
    D:13: 1376 daAuts
Depths:4: 1339 daAuts
Vaults:3: 1338 daAuts
     D:5: 1337 daAuts
     D:6: 1311 daAuts
     D:4: 1298 daAuts
Depths:3: 1288 daAuts
